 Dungeon Crawl Stone Soup version 0.17-a0-1920-gafa4d75 (webtiles) character file.

4503 Gargoyl the Protected (level 10, -13/80 HPs)
             Began as a Demonspawn Abyssal Knight on Sept 27, 2015.
             Was the Champion of Lugonu.
             Mangled by an orc warrior
             ... wielding a +0 war axe
              (15 damage)
             ... in a bailey.
             The game lasted 00:20:34 (9605 turns).

Gargoyl the Protected (Demonspawn Abyssal Knight)   Turns: 9605, Time: 00:20:34

Health: -13/80     AC: 20    Str: 15    XL:     10   Next: 16%
Magic:  12/12      EV:  6    Int: 13    God:    Lugonu [******]
Gold:   489        SH:  0    Dex: 18    Spells: 0 memorised, 9 levels left

rFire  . . .     SeeInvis .     p - +0 war axe
rCold  . . .     Clarity  .     v - +0 plate armour
rNeg   . . .     SustAt   .     (no shield)
rPois  .         Gourm    .     x - +2 helmet
rElec  +         Spirit   .     j - +0 cloak
rCorr  .         Warding  .     (no gloves)
rMut   .         Rnd*Tele +     n - +0 pair of boots
MR     .....                    g - amulet of faith
Stlth  +.........               (no ring)
                                D - ring of the Ancients {+/*Tele rElec Stlth+}

@: not resistant to hostile enchantments, very unstealthy
A: claws 2, thin skeletal structure 2, mutation resistance 1, nightstalker 1,
spiny 2
a: Depart the Abyss, Bend Space, Banish, Corrupt, Enter the Abyss, Brand Weapon
With Distortion, Renounce Religion, Evoke Teleportation


You were in a bailey.
You worshipped Lugonu.
Lugonu was exalted by your worship.
You were hungry.

You visited 1 branch of the dungeon, and saw 8 of its levels.
You visited the Abyss 1 time.
You also visited: Bailey.

You collected 489 gold pieces.

Inventory:

Hand weapons
 p - a +0 war axe (weapon)
 y - a +0 dire flail
Missiles
 a - 5 tomahawks of returning (quivered)
Armour
 j - a +0 cloak (worn)
 n - a +0 pair of boots (worn)
 v - a +0 plate armour (worn)
 x - a +2 helmet (worn)
Jewellery
 g - an amulet of faith (around neck)
 A - an uncursed amulet of guardian spirit
 D - the ring of the Ancients (left claw) {+/*Tele rElec Stlth+}
   (You found it on level 7 of the Dungeon)

   [ring of teleportation]

   It may teleport you to nearby monsters, and can be evoked to randomly
   teleport.
   It insulates you from electricity.
   It makes you more stealthy.
Magical devices
 q - a wand of teleportation (3)
 B - a wand of lightning (6)
Scrolls
 b - a scroll of recharging
 c - 2 scrolls of teleportation
 e - 7 scrolls of identify
 l - a scroll of immolation {unknown}
 o - 3 scrolls of remove curse
 w - a scroll of fog
 C - a scroll of enchant weapon
 E - a scroll of enchant armour
Potions
 h - a potion of beneficial mutation
 s - a potion of flight
 t - a potion of invisibility
Books
 d - a book of Summonings

   Spells                             Type                      Level
   a - Recall                         Summoning/Translocation      3
   b - Aura of Abjuration             Summoning                    5
   c - Shadow Creatures               Summoning                    5
   d - Summon Demon                   Summoning                    5
   e - Summon Forest                  Summoning/Translocation      5
   f - Summon Mana Viper              Hexes/Summoning              5
Comestibles
 r - 4 bread rations
 u - 4 meat rations


   Skills:
 + Level 7.9 Fighting
 + Level 7.1 Axes
 + Level 1.0 Throwing
 + Level 8.7 Armour
 + Level 3.3 Dodging
 + Level 2.5 Stealth
 + Level 3.1 Invocations


You had 9 spell levels left.
You didn't know any spells.

Dungeon Overview and Level Annotations

Branches:
Dungeon (8/15)             Temple (0/1) D:5
   Lair: D:8-11

Altars:
Ashenzari
Cheibriados
Fedhas
Kikubaaqudgha
Makhleb
Nemelex Xobeh
Okawaru
Vehumet
Xom
Yredelemnul

Shops:
D:6 *


Innate Abilities, Weirdness & Mutations

You have very sharp fingernails.
You have a moderately thin skeletal structure (Dex +4, Stealth+).
You are slightly more attuned to the shadows.
You are mostly covered in sharp spines.
You are somewhat resistant to further mutation.


Message History

The orc warrior is struck by your spines.
The orc warrior hits you but does no damage.
You closely miss the orc warrior.
Your plate armour prevents you from hitting the orc warrior.
The orc warrior is lightly wounded.
The orc warrior hits you with a dire flail of protection!
The orc warrior hits you with a war axe!
Your plate armour prevents you from hitting the orc warrior.
You hit the orc warrior but do no damage.
The orc warrior is lightly wounded.
The orc warrior is struck by your spines.
The orc warrior hits you with a dire flail of protection!
The orc warrior hits you with a war axe!
* * * LOW HITPOINT WARNING * * *
You barely miss the orc warrior. You hit the orc warrior.
The orc warrior is moderately wounded.
The orc warrior hits you with a dire flail of protection!!
* * * LOW HITPOINT WARNING * * *
The orc warrior hits you with a war axe!
You die...

###≈o≈###'#
..(≈.≈(..^#
###≈.≈###'#
..≈.≈. ..#
###≈g≈###'#
.≈o≈. ..#
#'###≈o≈###'#
#^...≈o≈....#
#'###≈@≈###'#
#....≈o≈....#
#'###≈)≈###'#
#....≈)≈....#
######'######
#...# #...#
#...# ##'##


You could see 3 orc warriors, an orc and a hobgoblin.

Vanquished Creatures
  Pikel (D:4)
  An orc knight (Bailey)
  The ghost of armaa the Covert, an experienced SpAs (D:5)
  A spriggan (D:8)
  Edmund (D:5)
  An ice beast (D:5)
  2 necrophages
  A phantom (D:5)
  5 ogres
  A slave (D:4)
  2 centaurs (D:6)
  An orc warrior (D:5)
  A big kobold (D:6)
  3 giant frogs
  A wyvern skeleton (D:6)
  5 scorpions
  4 killer bees (D:6)
  A crimson imp (D:5)
  A jelly (D:7)
  A giant frog skeleton (D:6)
  2 gnoll shamans (D:6)
  2 orc priests
  2 centaur skeletons
  9 hounds
  Crazy Yiuf (D:4)
  2 iguanas
  Jessica (D:2)
  2 orc wizards
  6 worker ants
  A hound skeleton (D:5)
  A worker ant zombie (D:4)
  Robin (D:4)
  7 adders
  17 gnolls
  A shadow imp (D:5)
  An ooze (D:4)
  A worm (D:3)
  17 orcs
  15 hobgoblins
  17 jackals
  2 quokkas
  2 ball pythons (D:3)
  7 bats
  3 giant cockroaches
  4 giant geckos
  A giant gecko skeleton (D:7)
  6 giant newts
  23 goblins
  A jackal zombie (D:5)
  28 kobolds
  A quokka zombie (D:7)
  6 rats
  A plant (D:6)
226 creatures vanquished.

Vanquished Creatures (others)
  3 slaves (D:4)
  Natasha (D:4)
  2 plants (D:6)
6 creatures vanquished.

Grand Total: 232 creatures vanquished

Notes
Turn   | Place    | Note
--------------------------------------------------------------
     0 | Abyss:1  | Gargoyl the Demonspawn Abyssal Knight began the quest for the Orb.
     0 | Abyss:1  | Reached XP level 1. HP: 18/18 MP: 2/2
    56 | Abyss:1  | Noticed a freezing wraith
   114 | Abyss:2  | Noticed a deep elf demonologist
   121 | Abyss:2  | Noticed a ynoxinul
   123 | D:1      | Escaped the Abyss
   291 | D:1      | Acquired Lugonu's first power
   293 | D:1      | Reached skill level 1 in Dodging
   325 | D:1      | Gained mutation: You have sharp fingernails. [demonic ancestry]
   325 | D:1      | Reached XP level 2. HP: 22/24 MP: 3/3
  1128 | D:2      | Gained mutation: You have very sharp fingernails. [demonic ancestry]
  1128 | D:2      | Reached XP level 3. HP: 29/29 MP: 4/4
  1308 | D:2      | Found a basalt altar of Yredelemnul.
  1459 | D:2      | Noticed Jessica
  1471 | D:2      | Killed Jessica
  1471 | D:2      | Acquired Lugonu's second power
  1471 | D:2      | Gained mutation: You are slightly more attuned to the shadows. [demonic ancestry]
  1471 | D:2      | Reached XP level 4. HP: 19/37 MP: 5/5
  2340 | D:3      | Reached skill level 1 in Stealth
  2926 | D:4      | Noticed Robin
  2946 | D:4      | Killed Robin
  3150 | D:4      | Reached XP level 5. HP: 34/42 MP: 6/6
  3181 | D:4      | Found a blossoming altar of Fedhas.
  3195 | D:4      | Acquired Lugonu's third power
  3361 | D:4      | Reached skill level 4 in Fighting
  3384 | D:4      | HP: 2/42 [spatial distortion (4)]
  3728 | D:4      | Found a shimmering altar of Xom.
  3810 | D:4      | Noticed a slave
  3831 | D:4      | Killed a slave
  3834 | D:4      | Noticed Pikel
  3834 | D:4      | Noticed a slave
  3834 | D:4      | Noticed a slave
  3838 | D:4      | Noticed a slave
  3854 | D:4      | Killed Pikel
  3854 | D:4      | Gained mutation: You have a somewhat thin skeletal structure (Dex +2, Stealth). [demonic ancestry]
  3854 | D:4      | Reached XP level 6. HP: 28/50 MP: 6/8
  3854 | D:4      | Gained mutation: You have a moderately thin skeletal structure (Dex +4, Stealth+). [demonic ancestry]
  3854 | D:4      | Reached XP level 7. HP: 30/55 MP: 6/9
  3894 | D:4      | Killed a freed slave
  3966 | D:4      | Killed Natasha
  4162 | D:4      | Killed a freed slave
  4175 | D:4      | Killed a freed slave
  4268 | D:4      | Reached skill level 5 in Fighting
  4338 | D:4      | Noticed Crazy Yiuf
  4351 | D:4      | Paralysed by Crazy Yiuf for 7 turns
  4358 | D:4      | Killed Crazy Yiuf
  4702 | D:4      | Reached skill level 5 in Armour
  4861 | D:5      | Entered Level 5 of the Dungeon
  5427 | D:5      | Gained mutation: You are partially covered in sharp spines. [demonic ancestry]
  5427 | D:5      | Reached XP level 8. HP: 32/64 MP: 10/10
  5597 | D:5      | Noticed armaa's ghost (experienced SpAs)
  5613 | D:5      | Killed armaa's ghost
  5643 | D:5      | Reached skill level 6 in Fighting
  5659 | D:5      | Acquired Lugonu's fourth power
  5819 | D:5      | Noticed Edmund
  5839 | D:5      | Killed Edmund
  5839 | D:5      | Reached skill level 5 in Axes
  6025 | D:5      | Found a staircase to the Ecumenical Temple.
  6459 | D:6      | Gained mutation: You are mostly covered in sharp spines. [demonic ancestry]
  6459 | D:6      | Reached XP level 9. HP: 63/71 MP: 11/11
  6460 | D:6      | Reached skill level 7 in Armour
  6646 | D:6      | Found an ancient bone altar of Kikubaaqudgha.
  6648 | D:6      | Found Uczu's Evil Emporium.
  6822 | D:6      | Acquired Lugonu's fifth power
  7555 | D:6      | Reached skill level 8 in Armour
  8694 | D:7      | Found a shimmering altar of Xom.
  8694 | D:7      | Found a sparkling altar of Nemelex Xobeh.
  8694 | D:7      | Found an iron altar of Okawaru.
  8694 | D:7      | Found a radiant altar of Vehumet.
  8939 | D:7      | Found a snail-covered altar of Cheibriados.
  8945 | D:7      | Found a burning altar of Makhleb.
  8947 | D:7      | Found a shattered altar of Ashenzari.
  9084 | D:7      | Reached XP level 10. HP: 73/80 MP: 12/12
  9087 | D:7      | Got a scorched gossamer ring
  9088 | D:7      | Identified the ring of the Ancients {+/*Tele rElec Stlth+} (You found it on level 7 of the Dungeon)
  9271 | D:8      | Found a flagged portal.
  9405 | Bailey   | Entered a bailey
  9436 | Bailey   | Noticed an orc knight
  9459 | Bailey   | Gained mutation: You are somewhat resistant to further mutation. [potion of beneficial mutation]
  9467 | Bailey   | Killed an orc knight
  9595 | Bailey   | Reached skill level 1 in Throwing
  9605 | Bailey   | HP: 2/80 [orc warrior/dire flail of protection (18)]
  9605 | Bailey   | Mangled by an orc warrior

Vault maps used:
D:1:      dpeg_arrival_water_temple_mockup, minmay_misc_feat_roman, minivault_5
D:2:      nicolae_overflow_hidden_temple, kennysheep_jessica_study
D:3:      corexii_shack_village, serial_corexii_hall, corexii_hall_statues_x,
          corexii_hall_statues_x, first_bread
D:4:      nicolae_overflow_crystal_walls, minivault_27, xom_teletrap_fun,
          uniq_crazy_yiuf_cottage, uniq_natasha, uniq_robin, uniq_pikel
D:5:      minmay_temple_entry_butterflies, uniq_edmund
D:6:      kennysheep_housing_project, nicolae_evil_shop
D:7:      grunt_temple_overflow_open
D:8:      minmay_tri_box, enter_bailey_8, the_bakery, uniq_erolcha
Abyss:1:  evilmike_abyss_exit_15
Abyss:2:  evilmike_abyss_exit_2, hangedman_decor_points
Bailey:   bailey_axe_1, bailey

Action                   |  1- 3 |  4- 6 |  7- 9 | 10-12 || total
-------------------------+-------+-------+-------+-------++-------
Melee: Hand axe          |    99 |   196 |   375 |       ||   670
       War axe           |       |       |    51 |    38 ||    89
Throw: Tomahawk          |       |       |       |    77 ||    77
Invok: Depart the Abyss  |     1 |       |       |       ||     1
       Bend Space        |       |     1 |     1 |       ||     2
  Use: Scroll            |       |     4 |    11 |     1 ||    16
       Potion            |       |     5 |     1 |     5 ||    11
 Stab: Sleeping          |       |     1 |       |       ||     1
       Invisible         |       |     2 |       |       ||     2
  Eat: Bread ration      |     1 |     1 |     3 |       ||     5
       Fruit             |       |     1 |       |       ||     1
       Chunk             |       |       |     5 |     1 ||     6
